 Dungeon Crawl Stone Soup version 0.28.0-53-g5a82cb258f (webtiles) character file.

Game seed: 7939494762447846656

71 Plasmagod the Covered (level 4, -1/37 HPs)
             Began as a Formicid Fighter on July 25, 2022.
             Slain by a gnoll
             ... wielding a +0 halberd
              (11 damage)
             ... on level 2 of the Dungeon.
             The game lasted 00:02:57 (1522 turns).

Plasmagod the Covered (Formicid Fighter)            Turns: 1522, Time: 00:02:58

Health: -1/37      AC:  7    Str: 23    XL:     4   Next: 47%
Magic:  4/4        EV: 10    Int:  7    God:
Gold:   109        SH:  4    Dex: 10    Spells: 3/3 levels left

rFire   . . .      SeeInvis +   h - +4 whip
rCold   . . .      Faith    .   c - +0 buckler
rNeg    . . .      Spirit   .   b - +0 scale mail
rPois   .          Reflect  .   (helmet unavailable)
rElec   .          Harm     .   (no cloak)
rCorr   .          Rampage  .   (no gloves)
Will    .....                   (no boots)
Stlth   ..........              (no amulet)
HPRegen 0.12/turn               (no ring)
MPRegen 0.09/turn               (no ring)

@: no status effects
A: permanent stasis, dig shafts and tunnels, antennae 3, four strong arms
a: Dig, Shaft Self


You were on level 2 of the Dungeon.
You visited 1 branch of the dungeon, and saw 2 of its levels.

You collected 109 gold pieces.

Inventory:

Hand Weapons
 a - a +0 quarterstaff
 h - a +4 whip (weapon)
Missiles
 e - 2 throwing nets
Armour
 b - a +0 scale mail (worn)
 c - a +0 buckler (worn)
Jewellery
 l - a +6 ring of intelligence
Scrolls
 f - a scroll of enchant armour {unknown}
 g - a scroll of fog {unknown}
 i - a scroll of fear {unknown}
 j - 2 scrolls of teleportation {unknown}
 k - a scroll of brand weapon {unknown}
Potions
 d - a potion of might


   Skills:
 + Level 3.7 Fighting
 + Level 0.2 Axes
 + Level 0.2(1.6) Maces & Flails
 + Level 2.5(2.6) Staves
 + Level 4.0 Armour
 + Level 1.2 Dodging
 + Level 3.9 Shields


You had 3 spell levels left.
You didn't know any spells.
Your spell library was empty.

Dungeon Overview and Level Annotations

Branches:
Dungeon (2/15)

Altars:


Innate Abilities, Weirdness & Mutations

You cannot be hasted, slowed, berserked, paralysed or teleported.
You can dig through walls and to a lower floor.
You have a pair of large antennae on your head. (SInv)
Your four strong arms can wield two-handed weapons with a shield.


Message History

You sense a monster nearby.
You sense a monster nearby.
There is a stone staircase leading up here.
You sense a monster nearby.
As you open the door, it creaks loudly! 3 gnolls come into view.
A gnoll is wielding a +0 whip of electrocution.
The gnoll shouts! x2; You hear a shout!
A goblin comes into view. It is wielding a +0 dagger.
You barely miss the gnoll. The gnoll hits you but does no damage.
You barely miss the gnoll.
The gnoll hits you from afar with a +0 halberd.
Press: ? - help, v - describe, . - travel
Here: a gnoll, wielding a +0 whip of electrocution The floor.
You hit the gnoll.
The gnoll is moderately wounded.
The gnoll hits you with a +0 whip of electrocution.
The gnoll hits you from afar with a +0 halberd!
You whack the gnoll!
The gnoll is almost dead.
The gnoll hits you with a +0 whip of electrocution.
You block the gnoll's attack.
You barely miss the gnoll.
The gnoll is almost dead.
The gnoll hits you but does no damage.
The gnoll hits you from afar with a +0 halberd.
* * * LOW HITPOINT WARNING * * *
You closely miss the gnoll.
The gnoll is almost dead.
The goblin hits you with a +0 dagger.
* * * LOW HITPOINT WARNING * * *
An endoplasm comes into view.
The gnoll hits you but does no damage. You block the gnoll's attack.
The endoplasm quivers.
You hit the gnoll.
You kill the gnoll!
The goblin barely misses you.
The gnoll hits you from afar with a +0 halberd!
You die...

... #.. #.. #J# #g# #### #### #g#
##..# #..## ##'#####.. #..##
##..## #.@)......### .#
....###....# ##..g##.#....####.#
.#...#...#.###<..............#.#
###.....####...#####...#.......##
##._.## ##...+.. .............#
###.....###....# #)##.#..........
.#...#...#..#### #........#...#.#
....###.....# #..........##.#
#..## ##..###### #.###.........#


You could see 2 gnolls, an endoplasm and a goblin.

Vanquished Creatures
  2 adders (D:2)
  2 gnolls
  A worm (D:2)
  A dart slug (D:1)
  4 endoplasms
  2 giant cockroaches (D:1)
  4 hobgoblins (D:1)
  2 quokkas (D:1)
  5 ball pythons
  3 bats (D:1)
  A frilled lizard (D:1)
  5 goblins (D:1)
  4 kobolds
  3 rats (D:1)
39 creatures vanquished.

Notes
Turn   | Place    | Note
-------+----------+-------------------------------------------
     0 | D:1      | Plasmagod the Formicid Fighter began the quest for the Orb.
     0 | D:1      | Reached XP level 1. HP: 18/18 MP: 1/1
   187 | D:1      | Reached XP level 2. HP: 16/24 MP: 2/2
   300 | D:1      | Reached XP level 3. HP: 17/29 MP: 3/3
   723 | D:1      | Reached skill level 4 in Armour
  1327 | D:2      | Reached skill level 1 in Dodging
  1327 | D:2      | Reached XP level 4. HP: 29/37 MP: 4/4
  1469 | D:2      | Found a faded altar of an unknown god.
  1522 | D:2      | Slain by a gnoll

Illustrated notes

Levels and vault maps discovered:
D:1:      shiori_arrival_maze, layout_basic
D:2:      minmay_evil_eye, layout_basic, nicolae_ecumenical_snake_handling

Skill      XL: |  1  2  3 |
---------------+----------+-----
Armour         | 4 |  4.0
Dodging        | 1 |  1.2
Fighting       | |  3.7
Axes           | |  0.2
Maces & Flails | |  0.2
Staves         | |  2.5
Shields        | |  3.9

Action                   |  1- 3 |  4- 6 || total
-------------------------+-------+-------++-------
Melee: Quarterstaff      |    51 |       ||    51
       Whip              |    44 |    18 ||    62
       Hand axe          |     4 |       ||     4
Armor: Scale mail        |    47 |     7 ||    54
Dodge: Dodged            |    46 |     3 ||    49
Block: Buckler           |    14 |     2 ||    16
